Map: Ruins of Endion

Players

Fropez - Winner!

  • Race: Protoss Protoss
  • League: Silver
  • Spawn Location: 5:00

Leahcim

  • Race: Terran Terran
  • Spawn Location: 7:00

VOD

Have the link to the VOD?

Description

Time

  • Played on: June 27, 2016, 11:23 a.m.
  • Length: 11:44
Show
View Real Time Build Order
Export as new Build Order

Fropez Protoss - Winner!

Build Orders:  

Get SALT Encoding   

  12  0:11  Pylon  
  12  0:13  Probe (Chrono Boost)  
  13  0:23  Probe (Chrono Boost)  
  14  0:32  Gateway  
  14  0:36  Probe (Chrono Boost)  
  15  0:52  Pylon  
  15  0:54  Probe (Chrono Boost), Assimilator  
  16  1:05  Probe (Chrono Boost)  
  17  1:15  Probe (Chrono Boost)  
  18  1:19  Cybernetics Core  
  18  1:25  Pylon  
  18  1:26  Probe (Chrono Boost)  
  19  1:40  Gateway  
  19  1:43  Probe (Chrono Boost)  
  20  1:54  Probe (Chrono Boost)  
  21  1:55  Pylon  
  21  2:04  Probe (Chrono Boost)  
  22  2:15  Probe (Chrono Boost), Warp Gate (Chrono Boost)  
  23  2:21  Stalker  
  23  2:22  Pylon  
  25  2:25  Probe (Chrono Boost)  
  26  2:32  Stalker  
  28  2:40  Probe (Chrono Boost)  
  29  2:45  Assimilator  
  29  2:51  Probe (Chrono Boost), Stalker  
  32  3:01  Probe (Chrono Boost)  
  32  3:03  Stalker  
  35  3:13  Probe (Chrono Boost)  
  35  3:14  Pylon  
  36  3:24  Probe  
  36  3:37  Mothership Core  
  36  3:39  Stalker  
  39  3:53  Twilight Council  
  39  3:55  Pylon  
  39  3:58  Probe  
  40  4:12  Probe  
  41  4:19  Stalker  
  43  4:25  Probe  
  42  4:37  Probe, Stalker  
  45  4:44  Dark Shrine  
  45  4:54  Pylon, Probe  
  45  4:57  Nexus  
  46  5:06  Probe  
  47  5:08  Pylon  
  47  5:18  Probe  
  48  5:23  Pylon  
  48  5:28  Blink  
  48  5:30  Probe  
  49  5:39  Stalker  
  49  5:40  Stalker  
  49  5:42  Probe  
  54  5:52  Nexus  
  46  6:29  Pylon  
  46  6:39  Probe  
  47  7:05  Assimilator  
  47  7:09  Assimilator  
  47  7:11  Dark Templar  
  49  7:27  Gateway  
  49  7:28  Gateway  
  49  7:31  Gateway  
  49  7:34  Stalker  
  49  7:35  Probe x2  
  53  7:47  Dark Templar  
  55  7:53  Probe  
  55  7:54  Probe  
  57  8:12  Dark Templar  
  59  8:15  Probe  
  59  8:16  Probe x2  
  62  8:26  Forge, Probe  
  62  8:29  Pylon  
  62  8:32  Probe  
  64  8:37  Probe  
  63  8:47  Probe, Dark Templar x4  
  70  8:58  Probe  
  65  9:05  Dark Templar  
  66  9:11  Protoss Ground Weapons Level 1  
  60  9:21  Dark Templar x2  
  60  9:50  Assimilator  
  60  9:54  Gateway  
  60  9:55  Assimilator  
  60  9:56  Gateway  
  60  9:57  Cybernetics Core  
  60  10:34  Stalker x3  
  66  10:42  Probe  
  67  10:51  Stalker  
  67  10:52  Stalker  
  67  10:55  Probe  
  72  11:21  Probe  
  73  11:26  Stalker  
  73  11:27  Nexus  
  75  11:33  Dark Templar  
Show
View Real Time Build Order
Export as new Build Order

Leahcim Terran 

Build Orders:  

Get SALT Encoding   

  12  0:02  SCV  
  13  0:14  SCV  
  14  0:21  Supply Depot  
  14  0:26  SCV  
  15  0:34  Refinery  
  15  0:43  SCV  
  15  0:47  Barracks  
  16  0:55  SCV  
  17  1:07  SCV  
  18  1:26  SCV, Refinery  
  19  1:34  Barracks Reactor, Supply Depot  
  19  1:38  Orbital Command  
  19  1:59  Factory  
  19  2:03  SCV  
  20  2:15  SCV  
  20  2:21  Reaper x2  
  23  2:28  SCV  
  24  2:42  Command Center  
  24  2:44  Factory Tech Lab  
  24  2:52  Marine x2  
  24  2:58  SCV  
  27  3:10  SCV  
  28  3:12  Marine  
  28  3:13  Starport  
  28  3:16  Marine  
  29  3:52  Starport Reactor  
  29  3:58  Siege Tank  
  29  3:59  Marine x2  
  34  4:15  SCV  
  34  4:16  Marine  
  34  4:17  Marine, Barracks  
  37  4:31  Medivac x2  
  37  4:34  Marine x2  
  43  4:49  Siege Tank  
  46  5:04  SCV, Supply Depot, Medivac x2  
  51  5:16  SCV  
  52  5:24  Barracks Tech Lab  
  52  5:28  SCV, Supply Depot  
  53  5:42  Marine x3  
  56  5:44  Widow Mine  
  56  5:47  Medivac  
  60  5:59  Marine  
  60  6:00  Marine x2  
  63  6:13  Siege Tank  
  56  6:29  Medivac  
  56  6:30  Medivac  
  60  6:33  Marauder  
  60  6:39  SCV  
  64  6:55  Marauder  
  64  6:58  Orbital Command  
  65  7:16  Marauder  
  67  7:23  Barracks  
  67  7:27  Stimpack  
  67  7:32  SCV  
  68  7:38  Marauder  
  70  7:44  Viking x2  
  74  7:51  Supply Depot  
  74  7:59  Marauder  
  76  8:15  Supply Depot  
  76  8:20  Marauder  
  78  8:37  Supply Depot  
  68  9:27  Concussive Shells  
  68  9:31  Siege Tank  
  56  10:35  Command Center  
Tags
 
League
Silver
Matchup
PvT
Replay Pack
All Mines
Spawn Locations
Close Positions
Add a new tag
Caveats
  • Supply blocks, unpowered buildings, or Contaminate may cause inaccurate times.
  • Supply counts are checked every 10 seconds.